 Dungeon Crawl Stone Soup version 0.32-a0-86-g8db1b9f803 (webtiles) character file.

Game seed: 5780689078400956916

48 Esekla the Sneak (level 3, -1/26 HPs)
             Began as an Octopode Delver on Feb 5, 2024.
             Was an Initiate of Gozag.
             Slain by a gnoll
             ... wielding a +0 halberd
              (11 damage)
             ... on level 2 of the Dungeon.
             The game lasted 00:15:05 (1860 turns).

Esekla the Sneak (Octopode Delver)                  Turns: 1860, Time: 00:15:05

Health: -1/26      AC:  1    Str: 11    XL:     3   Next: 72%
Magic:  3/3        EV: 14    Int: 14    God:    Gozag
Gold:   29         SH:  0    Dex: 20    Spells: 2/2 levels left

rFire   . . .        a - +3 long sword "Jeoxyn Wuipn" {flame, *Noise Dex+7}
rCold   . . .        (no shield)
rNeg    . . .        (helmet restricted)
rPois   .            c - amulet of magic regeneration
rElec   .            j - ring of see invisible
rCorr   .            (no ring)
SInv    +            (no ring)
Will    .....        (no ring)
Stlth   +++++        (no ring)
HPRegen 0.24/turn    (no ring)
MPRegen 0.48/turn    (no ring)
                     (no ring)

%: no passive effects
@: hasted, very quick
A: almost no armour, amphibious, 8 rings, camouflage 1, gelatinous body 1,
(nimble swimmer 1), tentacles
a: Renounce Religion, Potion Petition, Call Merchant, Bribe Branch


You were on level 2 of the Dungeon.
You worshipped Gozag.
Gozag was noncommittal.
You visited 1 branch of the dungeon, and saw 5 of its levels.

You collected 286 gold pieces.
You spent 255 gold pieces at shops.
You paid 2 gold pieces to Gozag.

Inventory:

Hand Weapons
 a - the +3 long sword "Jeoxyn Wuipn" (weapon) {flame, *Noise Dex+7}
   (You bought it in a shop on level 1 of the Dungeon)

   Dex+7:     It affects your dexterity (+7).
   *Noise:    It may make a loud noise when swung.
 r - a +0 spear
 s - a +1 dagger of draining
Jewellery
 c - an amulet of magic regeneration (around mantle)
 j - a ring of see invisible (left tentacle)
Wands
 f - a wand of digging (3)
Scrolls
 b - a scroll of fog
 d - 2 scrolls of teleportation {unknown}
 g - 2 scrolls of identify {unknown}
 h - 3 scrolls of acquirement {unknown}
 k - a scroll of amnesia {unknown}
 l - a scroll of enchant weapon {unknown}
 o - a scroll of blinking {unknown}
Potions
 i - a potion of magic {unknown}
 m - a potion of mutation {unknown}
 n - a potion of heal wounds {unknown}
 p - a potion of enlightenment {unknown}
 q - 2 potions of curing {unknown}


   Skills:
 + Level 3.2 Fighting
 + Level 0.1(1.2) Short Blades
 + Level 2.2 Long Blades
 + Level 2.2 Dodging
 + Level 7.7 Stealth


You had 2 spell levels left.
You didn't know any spells.
Your spell library was empty.

Dungeon Overview and Level Annotations

Branches:
Dungeon (5/15)
 Temple: D:4-7

Altars:
Dithmenos
Gozag
Yredelemnul
The Shining One

Shops:
D:1 (   D:5 *[*=

Annotations:
D:1 1 transporter
D:5 Dowan, Duvessa, Sigmund


Innate Abilities, Weirdness & Mutations

You cannot wear most types of armour.
You are amphibious.
You can wear up to eight rings at the same time.
Your skin changes colour to match your surroundings (Stealth+).
Your rubbery body absorbs attacks. (AC +1, EV +1)
((You are camouflaged when in or above water. (Stealth+)))
You have tentacles for arms and can constrict up to eight enemies at once.


Message History

The gnoll barely misses you.
There is a stone staircase leading up here.
The gnoll hits you with a +0 spear.
You climb upwards.
Level annotation: 1 transporter
There is a stone staircase leading down here.
You hit the gnoll. You burn the gnoll. You grab the gnoll.
You squeeze the gnoll, but do no damage.
The gnoll is moderately wounded.
You constrict the gnoll, but do no damage.
The gnoll hits you with a +0 spear.
You barely miss the gnoll. You squeeze the gnoll.
The gnoll is severely wounded.
You constrict the gnoll. The gnoll barely misses you. x2
You hit the gnoll. You burn the gnoll.
You kill the gnoll!
You now have 29 gold pieces (gained 4).
You see here a +0 spear.
r - a +0 spear You start resting.
HP restored.
There is a stone staircase leading down, spattered with blood here.
You climb downwards.
The endoplasm barely misses you. The gnoll hits you with a +0 flail!
The endoplasm closely misses you. The gnoll hits you with a +0 flail!
There is a stone staircase leading up, spattered with blood here.
Okay, then.
Okay, then.
Unknown command.
A gnoll comes into view. It is wielding a +0 halberd.
The gnoll attacks as it pursues you! The gnoll closely misses you.
You feel yourself speed up. The gnoll completely misses you.
A hobgoblin comes into view.
Found a scroll labelled QAODWI CAWECKADY and 8 gold pieces.
The hobgoblin shouts!
You hear an angry hiss.
A gnoll comes into view. It is wielding a +0 halberd.
The gnoll attacks as it pursues you!
The gnoll hits you from afar with a +0 halberd!
You die...
Your body crumbles into a pile of gold.

......##...........####..#####...
......##...........# #..# #...
#####.......# #..# #... #.......#
#..# ###### #...#<..# #..# #.....
#...#.#.####..# #.....
#...#.g.......# #.....
########...g.#.####.....
.......@.g.#......#.....
...........#......#.....
...........#......#.....
.........###.J....##<...
.?.......#####.##..#####
.......g.+.....###.###
.$.......#.g...(.....###
.........#.#....S......#
......J.g.........#.#


You could see 3 gnolls and a hobgoblin.

Vanquished Creatures
  A gnoll (D:1)
  3 dart slugs
  6 bats
  3 endoplasms
  A goblin (D:1)
  4 hobgoblins
  A quokka (D:2)
  4 ball pythons
  5 frilled lizards
  2 kobolds
  6 rats
36 creatures vanquished.

Notes
Turn   | Place    | Note
-------+----------+-------------------------------------------
     0 | D:5      | Esekla the Octopode Delver began the quest for the Orb.
     0 | D:5      | Reached XP level 1. HP: 16/16 MP: 1/1
     1 | D:5      | Found Goleg's Antique Armour Shop.
    23 | D:5      | Noticed Sigmund
    70 | D:5      | Found Naadu's Jewellery Shop.
   101 | D:5      | Found a basalt altar of Yredelemnul.
   106 | D:5      | Noticed a sleepcap
   124 | D:5      | Noticed Dowan
   126 | D:5      | Noticed Duvessa
   235 | D:5      | Found Vitsokhu's Assorted Antiques.
   256 | D:5      | Found a glowing golden altar of the Shining One.
   256 | D:5      | Found a shadowy altar of Dithmenos.
   256 | D:5      | Found an opulent altar of Gozag.
   288 | D:5      | Noticed a bombardier beetle
   326 | D:5      | Noticed a howler monkey
   341 | D:5      | Noticed a sky beast
   374 | D:5      | Became a worshipper of Gozag Ym Sagoz the Greedy
   563 | D:2      | Reached XP level 2. HP: 15/21 MP: 2/2
   566 | D:2      | Reached skill level 7 in Stealth
   836 | D:1      | Found Goidu's Antique Weapon Emporium.
   875 | D:1      | Reached XP level 3. HP: 26/26 MP: 3/3
  1034 | D:1      | Found a transporter.
  1523 | D:1      | Bought a slimy long sword for 255 gold pieces
  1523 | D:1      | Identified the +3 long sword "Jeoxyn Wuipn" {flame, *Noise
                  | Dex+7} (You bought it in a shop on level 1 of the Dungeon)
  1860 | D:2      | Slain by a gnoll

Illustrated notes

Levels and vault maps discovered:
D:1:      spicycebolla_arrival_risky_transporter, layout_basic, serial_shops,
          shop, nrook_mini_backslash, dk_noncrumbling_3,
          grunt_decor_mini_mirrors
D:2:      layout_basic, basic_altar, minmay_pentomino_u4
D:3:      layout_loops_corners
D:4:      minmay_bubble_buster, layout_loops_corners,
          nemelex_xobeh_ov_fountains_minmay, lemuel_round_altar,
          uniq_blork_the_orc
D:5:      layout_loops_ring, lemuel_crystal_altar,
          gammafunk_temple_overflow_forgotten, serial_shops, shop,
          nicolae_shop_trees, nicolae_shop_tiny_statue_garden, shop_statue,
          nicolae_eternal_life, hangedman_abyss_or_decor_stagger,
          grunt_ministairs_8, hangedman_abyss_or_decor_stabs, uniq_sigmund,
          uniq_duvessa, uniq_prince_ribbit1

Skill      XL: |  1  2 |
---------------+-------+-----
Stealth        | 7 |  7.7
Fighting       | |  3.2
Short Blades   | |  0.1
Long Blades    | |  2.2
Dodging        | |  2.2

Action                     || total
---------------------------++-------
  Melee: Falchion          ||    26
         Dagger            ||    22
         Constrict         ||    13
         Tentacles         ||     8
         Punch             ||     3
         Long sword        ||     5
    Use: Scroll            ||     2
         Potion            ||     1
   Stab: Sleeping          ||    18
         Distracted        ||     1
 Armour: Skin              ||    18
  Dodge: Dodged            ||    31

Table legend: (Time is in decaauts)
 A = Elapsed time spent in this place.
 B = Non-inter-level travel time spent in this place.
 C = Inter-level travel time spent in this place.
 D = Time resting spent in this place.
 E = Time spent auto-exploring this place.
 F = Levels seen in this place.
 G = Mean time per level.
                   A        B        C        D        E       F      G
               +--------+--------+--------+--------+--------+-----+--------+
         Total |   1859 |   1786 |     73 |     77 |    531 |   5 |  371.8 |
       Dungeon |   1859 |   1786 |     73 |     77 |    531 |   5 |  371.8 |
               +--------+--------+--------+--------+--------+-----+--------+

Top non-repeatable levels by time:
     D:1: 968 daAuts
     D:5: 409 daAuts
     D:2: 376 daAuts
     D:3: 65 daAuts
     D:4: 39 daAuts
